 Dungeon Crawl Stone Soup version 0.21.1-1-g345015f (webtiles) character file.

166 shakethe the Firebug (level 5, -6/28 HPs)
             Began as a Gargoyle Fire Elementalist on Feb 8, 2018.
             Killed from afar by Terence (9 damage)
             ... with a wand of flame (19)
             ... on level 3 of the Dungeon.
             The game lasted 00:10:17 (4075 turns).

shakethe the Firebug (Gargoyle Fire Elementalist)   Turns: 4075, Time: 00:10:18

Health: -6/28      AC:  6    Str: 12    XL:     5   Next: 47%
Magic:  2/9        EV: 12    Int: 16    God:
Gold:   86         SH:  0    Dex: 10    Spells: 2/10 levels left

rFire    . . .     SeeInvis .   p - +2 dagger (venom)
rCold    . . .     Gourm    .   (no shield)
rNeg     + . .     Faith    .   a - +0 robe
rPois    ∞         Spirit   .   (no helmet)
rElec    +         Reflect  .   (no cloak)
rCorr    .         Harm     .   (no gloves)
MR       .....                  (no boots)
Stlth    +.........             (no amulet)
HPRegen  0.09/turn              h - ring of loudness (curse) {Stlth-}
MPRegen  0.11/turn              m - ring of poison resistance {rPois, !d}

@: very slightly contaminated
A: negative energy resistance 1, electricity resistance, unbreathing,
petrification resistance, rot immunity, AC +4
a: no special abilities


You were on level 3 of the Dungeon.
You were hungry.

You visited 1 branch of the dungeon, and saw 3 of its levels.

You collected 86 gold pieces.

Inventory:

Hand Weapons
 p - a +2 dagger of venom (weapon)
   (You took it off a kobold on level 1 of the Dungeon)
Armour
 a - a +0 robe (worn)
Jewellery
 h - a cursed ring of loudness (left hand) {Stlth-}
   (You found it on level 1 of the Dungeon)
 m - a ring of poison resistance (right hand) {rPois, !d}
   (You found it on level 1 of the Dungeon)
Scrolls
 e - 3 scrolls of teleportation {unknown}
 f - a scroll of noise {unknown}
 i - 4 scrolls of remove curse {unknown}
 j - a scroll of fog {unknown}
 k - a scroll of magic mapping {unknown}
 n - a scroll of blinking {unknown}
 o - a scroll of random uselessness {unknown}
 q - 2 scrolls of identify {unknown}
 r - a scroll of amnesia {unknown}
Potions
 d - a potion of might {unknown}
 g - 2 potions of brilliance {unknown}
 l - a potion of agility {unknown}
 s - 2 potions of heal wounds {unknown}
 t - a potion of curing {unknown}
Books
 b - a book of Flames
Comestibles
 c - 5 rations


   Skills:
 - Level 1.6 Dodging
 - Level 2.3 Stealth
 + Level 3.0 Spellcasting
 + Level 2.8 Conjurations
 * Level 4.6 Fire Magic


You had 2 spell levels left.
You knew the following spells:

 Your Spells              Type           Power        Failure   Level  Hunger
a - Flame Tongue          Conj/Fire      ##...        4%          1    #......
c - Conjure Flame         Conj/Fire      ##......     12%         3    ###....
s - Sticky Flame          Conj/Fire      ##......     36%         4    #####..


Dungeon Overview and Level Annotations

Branches:
Dungeon (3/15)

Altars:

Annotations:
D:3 Terence


Innate Abilities, Weirdness & Mutations

You are resistant to torment.
Your stone body is resilient. (AC +4)
You are immune to poison.
You resist negative energy. (rN+)
You are resistant to electric shocks. (rElec)
You can survive without breathing.
You are immune to petrification.
You are immune to rotting.


Message History

Tidbits's ghost hits you but does no damage.
You climb upwards.
There is a stone staircase leading down here.
You start resting.
Your magical contamination has completely faded away.
You start resting.
Health restored: 28; MP restored: 9 You climb downwards.
Level annotation: tidbits's ghost, weakling GnSk Tidbits's ghost hits you but does no damage.
There is a stone staircase leading up here.
Aim: tidbits's ghost The flame tongue hits tidbits's ghost.
You are feeling very hungry.
Tidbits's ghost barely misses you.
You now have 8/9 mp.
Aim: tidbits's ghost (heavily damaged)
The flame tongue misses tidbits's ghost.
Tidbits's ghost barely misses you.
You now have 7/9 mp.
Aim: tidbits's ghost (heavily damaged)
The flame tongue hits tidbits's ghost.
Tidbits's ghost hits you.
You take 2 damage, and have 26/28 hp.
You now have 6/9 mp.
Aim: tidbits's ghost (severely damaged)
The flame tongue hits tidbits's ghost.
Tidbits's ghost hits you!
You take 9 damage, and have 17/28 hp.
MASSIVE DAMAGE!!
You now have 5/9 mp.
Aim: tidbits's ghost (almost destroyed)
The flame tongue hits tidbits's ghost.
You destroy tidbits's ghost!
Your Spellcasting skill increases to level 3!
You now have 4/9 mp.
You start resting.
A rat comes into view.
You regained 6 hp, and now have 23/28 hp.
MP restored: 9 You hit the rat.
You kill the rat!
Things that are here:
a rat corpse; a bat skeleton You see here a glowing whip.
q - 2 scrolls labeled YJEAKK JEPE (gained 1)
A leopard gecko comes into view.
The leopard gecko hisses angrily.
A leopard gecko is nearby!
You see here a scroll labeled XUESHO GEDUHI.
Aim: a leopard gecko (clinging)
The flame tongue hits the leopard gecko.
You kill the leopard gecko!
You now have 8/9 mp.
r - a scroll labeled XUESHO GEDUHI You butcher the rat corpse.
t - a chunk of flesh {@w0} You see here a bat skeleton. x2
Eating a chunk of flesh {@w0}.
You eat the chunk of flesh {@w0}.
c - 5 rations (gained 1)
You now have 78 gold pieces (gained 8).
You see here a hunting sling.
t - a fuming grey potion Health restored: 28; MP restored: 9 You are feeling hungry.
Found a stone staircase leading down.
You now have 86 gold pieces (gained 8).
Found an escape hatch in the floor.
Terence the Incautious comes into view.
He is wielding a trident.
Terence shouts!
Aim: Terence, wielding a trident and wearing a scale mail The flame tongue hits Terence.
Terence zaps a wand.
The puff of flame hits you!
It is a wand of flame (22).
You take 5 damage, and have 23/28 hp.
You now have 8/9 mp.
Aim: Terence, wielding a trident, wearing a scale mail and carrying a wand of flame (22) (lightly wounded)
The flame tongue hits Terence.
You now have 7/9 mp.
Aim: Terence, wielding a trident, wearing a scale mail and carrying a wand of flame (22) (moderately wounded)
The flame tongue hits Terence.
Terence appears unharmed.
Terence zaps a wand.
The puff of flame hits you!
You take 10 damage, and have 14/28 hp.
MASSIVE DAMAGE!!
You now have 6/9 mp.
Terence zaps a wand.
The puff of flame hits you!
Aim: Terence, wielding a trident, wearing a scale mail and carrying a wand of flame (20) (moderately wounded)
The flame tongue misses Terence.
Terence zaps a wand.
The puff of flame misses you.
You now have 5/9 mp.
Terence closely misses you. Terence hits you with a trident.
You take 3 damage, and have 11/28 hp.
Aim: Terence, wielding a trident, wearing a scale mail and carrying a wand of flame (19) (moderately wounded)
You miscast Sticky Flame.
You are very lightly contaminated with residual magic.
A wave of violent energy washes through your body!
* * * LOW HITPOINT WARNING * * *
Terence zaps a wand.
The puff of flame hits you!
You die...

#..........# #..# #.....# ##
#..# #####.# #.
#..###.....#######.##
#######...##.).........#..#
##.....#...##.....#####.##.##
#..........##.....÷..<#......
######.#.#.@######.<..#..#.##
#.#....@................
#.####.#######.#.#..#.## #.#
#..# #....#.#..#.#
#.#####.###.##.#.#..#.#
#........##....#.#..#.#
#######..##..###.#..#.#
##.....###.#..#.#
#..#......#....#
##.########.####


You could see Terence.

Vanquished Creatures
  2 orc wizards (D:2)
  The ghost of tidbits the Charmwright, a weakling GnSk (D:3)
  3 adders (D:2)
  A worm (D:2)
  A dart slug (D:3)
  5 leopard geckos
  3 orcs
  5 bats
  2 giant cockroaches
  8 goblins
  5 hobgoblins
  3 quokkas
  7 frilled lizards
  7 kobolds
  6 rats
59 creatures vanquished.

Notes
Turn   | Place    | Note
-------+----------+-------------------------------------------
     0 | D:1      | shakethe the Gargoyle Fire Elementalist began the quest for the Orb.
     0 | D:1      | Reached XP level 1. HP: 10/10 MP: 3/3
   416 | D:1      | Reached XP level 2. HP: 15/15 MP: 3/5
  1210 | D:2      | Reached XP level 3. HP: 19/19 MP: 2/6
  1361 | D:1      | Reached skill level 2 in Conjurations
  1990 | D:2      | Reached XP level 4. HP: 24/24 MP: 5/7
  2036 | D:2      | Reached skill level 4 in Fire Magic
  2048 | D:2      | Reached XP level 5. HP: 14/28 MP: 3/9
  2594 | D:3      | Learned a level 3 spell: Conjure Flame
  2599 | D:3      | Learned a level 4 spell: Sticky Flame
  2627 | D:3      | Noticed tidbits's ghost (weakling GnSk)
  3038 | D:3      | HP: 3/28 [tidbits's ghost (8)]
  3893 | D:3      | Killed tidbits's ghost
  3893 | D:3      | Reached skill level 3 in Spellcasting
  4057 | D:3      | Noticed Terence
  4075 | D:3      | HP: 2/28 [something (9)]
  4075 | D:3      | Killed from afar by Terence

Skill      XL: |  1  2  3  4  5 |
---------------+----------------+-----
Conjurations   | 2 |  2.8
Fire Magic     | 4 |  4.6
Spellcasting   | 3 |  3.0
Dodging        | |  1.6
Stealth        | |  2.3

Action                   |  1- 3 |  4- 6 || total
-------------------------+-------+-------++-------
Melee: Unarmed           |    10 |       ||    10
       Dagger            |    69 |    55 ||   124
 Cast: Flame Tongue      |    23 |    46 ||    69
       Sticky Flame      |       |     1 ||     1
  Eat: Chunk             |     4 |     6 ||    10
Armor: Robe              |    31 |    33 ||    64
Dodge: Dodged            |    61 |    62 ||   123

Vault maps used:
D:1:      tarquinn_simple_flora_water_f
D:2:      first_ration
D:3:      gammafunk_steamed_eel, uniq_terence

Table legend:
 A = Turns spent in this place as a percentage of turns spent in the entire game.
 B = Non-inter-level travel turns spent in this place as a percentage of non-inter-level travel turns spent in the entire game.
 C = Inter-level travel turns spent in this place as a percentage of turns spent in this place.
 D = Turns resting spent in this place as a percentage of non-inter-level travel turns spent in this place.
 E = Turns spent auto-exploring this place as a percentage of non-inter-level travel turns spent in this place.
 F = Non-inter-level travel turns spent in this place divided by the number of levels of this place that you've seen.
                   A       B       C       D       E      F
               +-------+-------+-------+-------+-------+----------------------
         Total | 100.0 | 100.0 |   0.2 |  40.9 |  36.5 | 1355.3
       Dungeon | 100.0 | 100.0 |   0.2 |  40.9 |  36.5 | 1355.3
               +-------+-------+-------+-------+-------+----------------------

Table legend:
 A = Kills in this place as a percentage of kills in entire the game.
 B = Kills by you in this place as a percentage of kills by you in the entire game.
 C = Kills by friends in this place as a percentage of kills by friends in the entire game.
 D = Other kills in this place as a percentage of other kills in the entire game.
 E = Experience gained in this place as a percentage of experience gained in the entire game.
 F = Experience gained in this place divided by the number of levels of this place that you have seen.
                   A       B       C       D       E      F
               +-------+-------+-------+-------+-------+----------------------
         Total | 100.0 | 100.0 |   N/A |   N/A | 100.0 |  79.3
       Dungeon | 100.0 | 100.0 |   N/A |   N/A | 100.0 |  79.3
               +-------+-------+-------+-------+-------+----------------------
